 Dungeon Crawl Stone Soup version 0.31-a0-152-g6aa68a64a1 (webtiles) character file.

Game seed: 11997069217915031876

118 qw the Shooter (level 5, -10/49 HPs)
             Began as a Naga Hunter on June 9, 2023.
             Killed by nerve-wracking pain
             ... invoked by an orc priest
              (13 damage)
             ... on level 3 of the Dungeon.
             The game lasted 00:00:45 (1947 turns).

qw the Shooter (Naga Hunter)                        Turns: 1947, Time: 00:00:45

Health: -10/49     AC:  4    Str: 14    XL:     5   Next: 2%
Magic:  0/5        EV:  9    Int:  9    God:
Gold:   137        SH:  0    Dex: 16    Spells: 4/4 levels left

rFire   . . .        Y - +3 shortbow
rCold   . . .        (shield currently unavailable)
rNeg    . . .        c - +0 leather armour
rPois   +            (no helmet)
rElec   .            d - +0 cloak
rCorr   .            (no gloves)
SInv    +            (no barding)
Will    .....        a - amulet of guardian spirit
Stlth   ++           (no ring)
HPRegen 0.28/turn    (no ring)
MPRegen 0.09/turn

%: guardian spirit
@: about to teleport, very slow
A: AC +1, large, see invisible, deformed body, poison resistance, slowness 2,
spit poison 1, naga tail 1
a: Spit Poison


You were on level 3 of the Dungeon.
You visited 1 branch of the dungeon, and saw 3 of its levels.

You collected 137 gold pieces.


Innate Abilities, Weirdness & Mutations

Your serpentine skin is tough. (AC +1)
You have supernaturally acute eyesight. (SInv)
Armour fits poorly on your strangely shaped body.
Your system is resistant to poisons. (rPois)
You cover ground very slowly.
You can spit poison.
You have a snake-like lower body.


   Skills:
 - Level 3.0 Fighting
 + Level 5.2 Ranged Weapons
 - Level 1.5 Dodging
 - Level 1.5 Stealth


You had 4 spell levels left.
You didn't know any spells.
Your spell library was empty.

Inventory:

Hand Weapons
 Y - a +3 shortbow (weapon)
Armour
 c - a +0 leather armour (worn)
 d - a +0 cloak (worn)
 h - the +5 robe of Misfortune {Harm *Corrode *Slow EV+5}
   (You found it on level 3 of the Dungeon)

   EV:        It affects your evasion (+5).
   *Corrode:  It may corrode you when you take damage.
   *Slow:     It may slow you when you take damage.
   Harm:      It increases damage dealt and taken.
Jewellery
 a - an amulet of guardian spirit (around neck)
Scrolls
 g - a scroll of immolation {unknown}
Potions
 b - a potion of ambrosia {unknown}
 f - a potion of haste {unknown}

Dungeon Overview and Level Annotations

Branches:
Dungeon (3/15)

Altars:
Kikubaaqudgha
Qazlal
Trog


Message History

The orc priest looks satisfied for a moment.
You shoot an arrow. The arrow hits the orc!
You kill the orc!
You shoot an arrow.
The arrow hits the orc priest but does no damage.
The orc priest misses you. The orc hits you with a +0 short sword.
You shoot an arrow.
The arrow hits the orc priest but does no damage.
The orc priest begins to cast a cantrip, but forgets the words!
The orc hits you with a +0 short sword.
You shoot an arrow.
The arrow hits the orc priest but does no damage.
You have got your breath back.
The orc priest calls down the wrath of Beogh upon you.
Pain shoots through your body! The orc barely misses you.
1944 ||| INVOKING Spit Poison.
Aiming: Spit Poison (1% risk of failure)
Press: ? - help, Shift-Dir - straight line, f - orc, p - orc priest The splash of poison hits the orc.
The orc is almost dead.
The orc priest mumbles some strange prayers to Beogh against you.
Beogh smites you! The orc closely misses you. x2
The orc hits you but does no damage.
You shoot an arrow. The arrow closely misses the orc.
The orc priest calls upon Beogh to heal the orc.
The orc is healed somewhat.
The orc hits you with a +0 dagger. The orc hits you with a +0 short sword.
The orc hits you with a +0 flail!
The orc priest calls down the wrath of Beogh upon you.
Beogh smites you! The orc hits you with a +0 flail. The orc barely misses you.
The orc hits you with a +0 dagger.
1946 ||| READING scroll of teleportation.
As you read the scroll of teleportation, it crumbles to dust.
You feel strangely unstable. The orc priest misses you.
The orc hits you with a +0 dagger. The orc hits you with a +0 short sword.
The orc closely misses you.
You shoot an arrow. The arrow completely misses the orc.
You have got your breath back.
The orc priest calls down the wrath of Beogh upon you.
Pain shoots through your body!
You die...

## .# .. .... .###### #. ...
####### ......# ...... #
###...... ......# #.... #.
....#... ......# #.#.#
#.####..#... .....##
##.#)####......%.... .....#
#.ooo.......#....... ##.#.#
#.o@# #........... #.#.####
#...# #........... #......#
#...# #...%....###
#.#.##.######...######.#...#.#
#.#.##.#................#.##.##.
#.....................#...).....
#.##.#.#).................######
#.##.#.####.#...#.#####..### }.}
#......# ##.#...#.# ##.##.##...


You could see an orc priest and 3 orcs.

Vanquished Creatures
  5 adders
  3 dart slugs
  7 orcs (D:3)
  8 ball pythons
  4 endoplasms
  A giant cockroach (D:3)
  4 hobgoblins
  2 quokkas (D:2)
  8 bats
  A frilled lizard (D:2)
  4 goblins
  7 kobolds
  7 rats
61 creatures vanquished.

Notes
Turn   | Place    | Note
-------+----------+-------------------------------------------
     0 | D:1      | qw the Naga Hunter began the quest for the Orb.
     0 | D:1      | Reached XP level 1. HP: 19/19 MP: 1/1
     0 | D:1      | 0 ||| qw: Version: 0.2-a-122-gbc61b45
     0 | D:1      | 0 ||| qw: Game counter: 3360
     0 | D:1      | 0 ||| qw: Always use a shield: true
     0 | D:1      | 0 ||| qw: God list: Okawaru
     0 | D:1      | 0 ||| qw: Allow faded altars: false
     0 | D:1      | 0 ||| qw: Do Orc after D:15 true
     0 | D:1      | 0 ||| qw: Do second Lair branch before Depths: true
     0 | D:1      | 0 ||| qw: Lair rune preference: random
     0 | D:1      | 0 ||| qw: Plans: Normal
     0 | D:1      | 0 ||| PLANNING D:1-11
    13 | D:1      | 13 ||| INVOKING Spit Poison.
    18 | D:1      | 18 ||| INVOKING Spit Poison.
    92 | D:1      | 92 ||| INVOKING Spit Poison.
    93 | D:1      | 93 ||| INVOKING Spit Poison.
   102 | D:1      | Found a faded altar of an unknown god.
   200 | D:1      | 200 ||| INVOKING Spit Poison.
   219 | D:1      | 219 ||| INVOKING Spit Poison.
   220 | D:1      | Reached skill level 4 in Ranged Weapons
   220 | D:1      | Reached XP level 2. HP: 26/26 MP: 2/2
   228 | D:1      | 228 ||| INVOKING Spit Poison.
   233 | D:1      | 233 ||| INVOKING Spit Poison.
   414 | D:1      | 414 ||| INVOKING Spit Poison.
   619 | D:1      | 619 ||| INVOKING Spit Poison.
   626 | D:1      | 626 ||| INVOKING Spit Poison.
   629 | D:1      | 629 ||| INVOKING Spit Poison.
   700 | D:1      | 700 ||| INVOKING Spit Poison.
   888 | D:1      | 888 ||| READING scroll labelled OXTODE NULEBO.
   889 | D:1      | 889 ||| READING 2 scrolls labelled GAGIPE SEOMN.
   890 | D:1      | 890 ||| READING scroll of enchant weapon.
   890 | D:1      | 890 ||| ENCHANTING +1 shortbow.
   891 | D:1      | 891 ||| READING scroll labelled ESI GONOSIF.
   894 | D:1      | 894 ||| DROPPING scroll of butterflies.
   938 | D:2      | Reached XP level 3. HP: 32/32 MP: 3/3
   943 | D:2      | 943 ||| INVOKING Spit Poison.
   980 | D:2      | 980 ||| INVOKING Spit Poison.
   996 | D:2      | 996 ||| INVOKING Spit Poison.
  1021 | D:2      | 1021 ||| INVOKING Spit Poison.
  1026 | D:2      | 1026 ||| INVOKING Spit Poison.
  1098 | D:2      | Found an ancient bone altar of Kikubaaqudgha.
  1103 | D:2      | 1103 ||| INVOKING Spit Poison.
  1127 | D:2      | 1127 ||| INVOKING Spit Poison.
  1144 | D:2      | 1144 ||| INVOKING Spit Poison.
  1147 | D:2      | 1147 ||| INVOKING Spit Poison.
  1179 | D:2      | Reached skill level 5 in Ranged Weapons
  1248 | D:2      | 1248 ||| INVOKING Spit Poison.
  1251 | D:2      | Reached XP level 4. HP: 39/39 MP: 4/4
  1252 | D:2      | 1252 ||| INVOKING Spit Poison.
  1261 | D:2      | 1261 ||| INVOKING Spit Poison.
  1289 | D:2      | 1289 ||| INVOKING Spit Poison.
  1323 | D:2      | 1323 ||| INVOKING Spit Poison.
  1328 | D:2      | 1328 ||| INVOKING Spit Poison.
  1489 | D:2      | 1489 ||| UPGRADING to +0 cloak.
  1494 | D:2      | 1494 ||| UPGRADING to amulet of guardian spirit.
  1499 | D:2      | 1499 ||| READING scroll labelled GINTEI KUSEQU.
  1500 | D:2      | 1500 ||| READING scroll labelled CAITUIKEENT.
  1501 | D:2      | 1501 ||| READING scroll labelled IXUIKO BIUCONE.
  1510 | D:3      | 1510 ||| INVOKING Spit Poison.
  1513 | D:3      | 1513 ||| Stepping ~*~*~tactically~*~*~ (outnumbered).
  1516 | D:3      | 1516 ||| INVOKING Spit Poison.
  1522 | D:3      | 1522 ||| INVOKING Spit Poison.
  1540 | D:3      | 1540 ||| INVOKING Spit Poison.
  1546 | D:3      | 1546 ||| INVOKING Spit Poison.
  1552 | D:3      | 1552 ||| INVOKING Spit Poison.
  1582 | D:3      | Found a stormy altar of Qazlal.
  1582 | D:3      | Found a bloodstained altar of Trog.
  1606 | D:3      | Reached skill level 3 in Fighting
  1609 | D:3      | 1609 ||| INVOKING Spit Poison.
  1615 | D:3      | 1615 ||| INVOKING Spit Poison.
  1741 | D:3      | 1741 ||| INVOKING Spit Poison.
  1748 | D:3      | 1748 ||| READING scroll of enchant weapon.
  1748 | D:3      | 1748 ||| ENCHANTING +2 shortbow.
  1795 | D:3      | 1795 ||| INVOKING Spit Poison.
  1821 | D:3      | 1821 ||| INVOKING Spit Poison.
  1844 | D:3      | 1844 ||| INVOKING Spit Poison.
  1865 | D:3      | 1865 ||| INVOKING Spit Poison.
  1876 | D:3      | Found the +5 robe of Misfortune {Harm *Corrode *Slow EV+5}
  1930 | D:3      | 1930 ||| INVOKING Spit Poison.
  1935 | D:3      | Reached XP level 5. HP: 49/49 MP: 5/5
  1937 | D:3      | 1937 ||| INVOKING Spit Poison.
  1944 | D:3      | 1944 ||| INVOKING Spit Poison.
  1945 | D:3      | HP: 9/49 [orc/+0 flail (6)]
  1946 | D:3      | 1946 ||| READING scroll of teleportation.
  1946 | D:3      | HP: 3/49 [orc/+0 short sword (4)]
  1947 | D:3      | Killed from afar by an orc priest

Levels and vault maps discovered:
D:1:      dpeg_arrival_simpleton_b, layout_basic, basic_ecumenical_altar
D:2:      layout_rooms, serial_curves, eino_curves_01, eino_curves_03,
          basic_altar, kennysheep_generic_room_15
D:3:      layout_loops_cross, jmf_multi_god_temple

Skill      XL: |  1  2  3  4 |
---------------+-------------+-----
Ranged Weapons | 4 5 |  5.2
Fighting       | 3 |  3.0
Dodging        | |  1.5
Stealth        | |  1.5

Action                     |  1- 3 |  4- 6 || total
---------------------------+-------+-------++-------
   Fire: Shortbow          |    49 |    54 ||   103
Ability: Spit Poison       |    22 |    21 ||    43
    Use: Scroll            |     4 |     5 ||     9
 Armour: Leather armour    |     6 |     6 ||    12
  Dodge: Dodged            |     9 |    18 ||    27

Table legend:
 A = Non-vault XP
 B = Vault XP
 C = Vault XP percentage of total XP
 D = Non-vault monster count
 E = Vault monster count
 F = Vault count percentage of total count
                 A         B        C        D         E       F
            +---------+---------+-------+---------+---------+-------
      Total |     152 |      17 |  10.1 |      58 |       3 |   4.9
            +---------+---------+-------+---------+---------+-------
        D:1 |      31 |       0 |   0.0 |      19 |       0 |   0.0
        D:2 |      74 |       2 |   2.6 |      23 |       1 |   4.2
        D:3 |      47 |      15 |  24.2 |      16 |       2 |  11.1
            +---------+---------+-------+---------+---------+-------
